 Dungeon Crawl Stone Soup version 0.27-a0-1548-gf8a67e7463 (webtiles) character file.

Game seed: 15687706372208784760

110938 Demosthentine the Spry (level 16, -1/136 HPs)
             Began as a Merfolk Gladiator on July 13, 2021.
             Was the Champion of the Shining One.
             Slain by Jorgrun (11 damage)
             ... on level 1 of the Spider Nest.
             The game lasted 00:34:30 (27305 turns).

Demosthentine the Spry (Merfolk Gladiator)         Turns: 27305, Time: 00:34:30

Health: -1/136     AC:  8    Str: 17    XL:     16   Next: 56%
Magic:  21/26      EV: 37    Int: 10    God:    the Shining One [******]
Gold:   1969       SH: 12    Dex: 27    Spells: 15/15 levels left

rFire    . . .     SeeInvis .   a - +1 trident (venom)
rCold    . . .     Faith    .   f - +0 buckler
rNeg     + + +     Spirit   .   I - +0 troll leather armour
rPois    +         Reflect  +   c - +0 helmet
rElec    .         Harm     .   (no cloak)
rCorr    .         Rampage  .   p - +1 pair of gloves
Will     +....                  (boots currently unavailable)
Stlth    +.........             F - amulet of reflection
HPRegen  1.32/turn              h - +6 ring of dexterity
MPRegen  0.20/turn              L - ring of poison resistance

@: grasped by roots, glowing, constricted, very quick
A: nimble swimmer 2, mertail, agile 1, clever 1, sense surroundings 1,
MP-powered wands
a: Renounce Religion, Divine Shield, Cleansing Flame, Summon Divine Warrior,
Brand Weapon With Holy Wrath


You were on level 1 of the Spider Nest.
You worshipped the Shining One.
The Shining One was exalted by your worship.
You visited 5 branches of the dungeon, and saw 25 of its levels.
You also visited: Bailey.

You collected 3358 gold pieces.
You spent 1389 gold pieces at shops.

Inventory:

Hand Weapons
 a - a +1 trident of venom (weapon)
Armour
 c - a +0 helmet (worn)
 f - a +0 buckler (worn)
 j - a +0 pair of boots (melded)
 m - a +1 pair of boots of flying
 p - a +1 pair of gloves (worn)
 I - a +0 troll leather armour (worn)
Jewellery
 h - a +6 ring of dexterity (left hand)
 o - a ring of protection from cold
 s - a ring of resist corrosion
 F - an amulet of reflection (around neck)
 L - a ring of poison resistance (right hand)
Wands
 d - a wand of digging (12)
 q - a wand of flame (45)
 y - a wand of iceblast (7)
 E - a wand of paralysis (19)
 K - a wand of acid (12)
Scrolls
 b - 7 scrolls of identify
 g - 2 scrolls of magic mapping
 k - a scroll of fog
 v - 2 scrolls of silence
 C - 5 scrolls of teleportation
 G - 2 scrolls of summoning
 H - 3 scrolls of fear
Potions
 e - 3 potions of attraction
 i - 4 potions of might
 l - 2 potions of resistance
 n - 2 potions of heal wounds
 t - 8 potions of haste
 u - 2 potions of cancellation
 w - 16 potions of curing


   Skills:
 + Level 15.3 Fighting
 + Level 19.3 Polearms
 - Level 2.0 Throwing
 - Level 6.1 Armour
 + Level 20.7 Dodging
 - Level 4.0 Shields
 + Level 13.8 Invocations


You had 15 spell levels left.
You didn't know any spells.
Your spell library contained the following spells:

 Spells                   Type           Power      Damage    Failure   Level
 Corona                   Hex            0%         N/A       41%         1
 Foxfire                  Conj/Fire      0%         2x1d4     41%         1
 Shock                    Conj/Air       0%         1d3       41%         1
 Ensorcelled Hibernation  Hex/Ice        0%         N/A       56%         2
 Poisonous Vapours        Pois/Air       0%         N/A       56%         2
 Conjure Flame            Conj/Fire      0%         6-21      80%         3
 Inner Flame              Hex/Fire       0%         N/A       80%         3
 Mephitic Cloud           Conj/Pois/Air  0%         N/A       80%         3
 Stone Arrow              Conj/Erth      0%         3d7       80%         3
 Swiftness                Air            0%         N/A       80%         3
 Tukima's Dance           Hex            0%         N/A       80%         3
 Airstrike                Air            0%         N/A       99%         4
 Bolt of Magma            Conj/Fire/Erth 0%         4d4       100%        5
 Freezing Cloud           Conj/Ice/Air   0%         6-21      100%        5
 Dispersal                Tloc           0%         N/A       100%        6
 Disjunction              Tloc           0%         N/A       100%        8
 Shatter                  Erth           0%         3d5*      100%        9


Dungeon Overview and Level Annotations

Branches:
Dungeon (15/15)            Temple (1/1) D:4            Lair (6/6) D:9
  Swamp (0/4) Lair:4       Spider (1/4) Lair:3        Slime (0/5) Lair:5
    Orc (2/2) D:9             Elf (0/3) Orc:2        Vaults (0/5) D:13
 Depths (0/5) D:15         Bailey (visited)

Altars:
Ashenzari
Cheibriados
Dithmenos
Elyvilon
Fedhas
Gozag
Hepliaklqana
Kikubaaqudgha
Makhleb
Nemelex Xobeh
Okawaru
Qazlal
Ru
Sif Muna
Trog
Uskayaw
Vehumet
Wu Jian
Xom
Yredelemnul
Zin
The Shining One
Beogh
Jiyva

Shops:
D:2 [   D:11 !**   D:14 *   Orc:2 (?(==

Annotations:
Spider:1 Jorgrun


Innate Abilities, Weirdness & Mutations

You are quick and stealthy near water. (Stealth+, EV+, Speed+++)
Your lower body shifts to a powerful aquatic tail in water.
You are agile. (Dex +2)
Your mind is acute. (Int +2)
You passively map a small area around you.
You expend magic power (3 MP) to strengthen your wands.


Message History

You hit the redback.
The redback is poisoned.
Your tail-slap misses the redback.
The redback is lightly wounded.
The redback closely misses you. The redback bites you!
Unknown command.
You puncture the redback!
The redback is heavily wounded.
Jorgrun gestures at you while chanting.
Roots burst forth from the earth!
The grasping roots grab you!
* * * LOW HITPOINT WARNING * * *
The grasping roots constrict you! The redback completely misses you.
You puncture the redback!
You kill the redback!
* * * LOW HITPOINT WARNING * * *
The grasping roots constrict you!
Unknown command.
You puncture the tarantella!
The tarantella is almost dead.
The redback bites you.
* * * LOW HITPOINT WARNING * * *
The tarantella completely misses you. The wolf spider closely misses you.
The wolf spider bites you.
* * * LOW HITPOINT WARNING * * *
Unknown command.
You barely miss Jorgrun. You tail-slap Jorgrun.
Jorgrun is lightly wounded.
You block the redback's attack.
The tarantella splashes around in the water.
Jorgrun completely misses you. The Shining One protects you from harm!
The grasping roots constrict you! The wolf spider completely misses you.
You block the wolf spider's attack.
Unknown command.
As you read the scroll of fear, it crumbles to dust.
You assume a fearsome visage.
The jumping spider looks frightened!
Jorgrun looks frightened!
The tarantella looks frightened!
The redback looks frightened!
The wolf spider looks frightened!
The redback looks frightened!
The jumping spider leaps!
You die...

** #,,## * ##. .
*, #.# .##,*.,
#.##..,...
##.≈≈#.≈≈## ≈
#s.@≈≈≈°≈≈≈
#.††≈..≈≈##≈
#s.s.g.##.. ,*
###^....## ,,* ,
#####..s.....# ,
###...<....#..##
, *
#......†.......##
*
##..........s(..#
** ,
##............###
*


You could see Jorgrun (fleeing), a wolf spider (fleeing), a jumping spider
(fleeing), a tarantella (fleeing) and 2 redbacks.

Vanquished Creatures
  Kirke (D:13)
  Frances (D:11)
  An entropy weaver (Lair:3)
  A yaktaur captain (D:13)
  A fire dragon (Lair:6)
  An ettin (D:14)
  The ghost of BubbleThief the Tainter, a journeyman NaVM (D:10)
  3 boulder beetles
  5 two-headed ogres
  A catoblepas (D:13)
  10 hydras
  6 centaur warriors
  5 tengu warriors
  5 death yaks
  5 orc high priests
  Urug (D:13)
  Sonja (Lair:3)
  A sixfirhy (D:12)
  9 skeletal warriors
  A deep troll (D:15)
  A flayed ghost (D:10)
  A lindwurm (Lair:6)
  2 bog bodies (Lair:4)
  An orb spider (Lair:3)
  7 orc knights
  A deep elf pyromancer (D:14)
  4 oklob plants
  5 ugly things
  4 wolf spiders
  2 necromancers (D:15)
  2 orc sorcerers
  A moth of wrath (Lair:3)
  3 manticores
  2 cyclopes
  11 elephants
  6 black mambas
  A torpor snail (Lair:2)
  13 cane toads
  3 molten gargoyles
  16 komodo dragons
  4 rime drakes
  An efreet (D:11)
  2 yaktaurs (D:13)
  6 kobold demonologists (D:13)
  3 tengu conjurers
  A queen bee (shapeshifter) (D:14)
  4 polar bears
  3 meliai (D:14)
  A jumping spider (Spider:1)
  6 trolls
  A hornet (shapeshifter) (D:13)
  A hornet (D:8)
  A meliai (shapeshifter) (D:15)
  Grinder (D:5)
  5 slime creatures (D:13)
  8 blink frogs
  7 dream sheep (Lair:5)
  A centaur simulacrum (D:14)
  13 redbacks
  50 yaks
  4 hogs (D:13)
  A tarantella (Spider:1)
  3 shadows
  A vampire (D:14)
  6 wraiths
  6 wyverns
  A fire bat (D:10)
  7 basilisks
  4 steam dragons
  4 vampire mosquitoes
  A warg (Orc:2)
  16 water moccasins
  2 acid dragons
  3 hell hounds (Lair:6)
  17 orc warriors
  8 ogres
  8 necrophages
  A tengu (shapeshifter) (D:13)
  An ice beast (D:7)
  2 sky beasts (D:7)
  16 wolves
  5 centaurs
  20 bullfrogs
  2 kobold brigands
  A wyvern zombie (D:7)
  A wyvern skeleton (D:7)
  2 scorpions (D:6)
  A water moccasin zombie (D:6)
  6 killer bees (D:10)
  5 howler monkeys
  6 electric eels
  5 lava snakes (Lair:6)
  2 centaur zombies (D:8)
  11 hounds
  A bullfrog skeleton (D:7)
  A jelly (D:6)
  A centaur skeleton (D:7)
  22 orc priests
  3 iguanas
  A hell rat (Lair:4)
  25 orc wizards
  A howler monkey zombie (D:9)
  20 gnolls
  4 adders
  A shadow imp (D:7)
  3 white imps
  An ufetubus (D:7)
  3 worms
  5 dart slugs
  58 orcs
  16 bats
  6 endoplasms
  2 giant cockroaches (D:1)
  8 goblins
  22 hobgoblins
  9 jackals
  4 quokkas
  4 ball pythons
  3 frilled lizards (D:1)
  23 kobolds
  6 rats (D:1)
697 creatures vanquished.

Vanquished Creatures (collateral kills)
  An orc high priest (Orc:2)
  2 orc knights (Orc:2)
  2 tarantellas (Spider:1)
  10 orc warriors (Orc:2)
  10 orc priests (Orc:2)
  11 orcs (Orc:2)
36 creatures vanquished.

Vanquished Creatures (others)
  A cyclops (D:14)
  An orc wizard (D:8)
  25 fungi
  38 plants
65 creatures vanquished.

Grand Total: 798 creatures vanquished

Notes
Turn   | Place    | Note
-------+----------+-------------------------------------------
     0 | D:1      | Demosthentine the Merfolk Gladiator began the quest for the
                  | Orb.
     0 | D:1      | Reached XP level 1. HP: 16/16 MP: 1/1
    63 | D:1      | Found a faded altar of an unknown god.
    66 | D:1      | Reached XP level 2. HP: 23/23 MP: 2/2
   426 | D:1      | Reached XP level 3. HP: 28/28 MP: 3/3
   492 | D:1      | Reached skill level 5 in Polearms
   922 | D:2      | Found a stormy altar of Qazlal.
   981 | D:2      | Reached skill level 1 in Armour
  1152 | D:2      | Reached XP level 4. HP: 27/35 MP: 4/4
  1370 | D:2      | Reached skill level 5 in Dodging
  1578 | D:2      | Found Suzxixib's Antique Armour Emporium.
  1978 | D:3      | Gained mutation: You sometimes lose the ability to read
                  | scrolls when taking damage. [potion of mutation]
  1978 | D:3      | Gained mutation: Your system is resistant to poisons.
                  | (rPois) [potion of mutation]
  1978 | D:3      | Gained mutation: You passively map a small area around you.
                  | [potion of mutation]
  1978 | D:3      | Gained mutation: You are somewhat resistant to further
                  | mutation. [potion of mutation]
  1982 | D:3      | Reached XP level 5. HP: 13/41 MP: 5/5
  2855 | D:3      | You are sucked into a shaft and drop 1 floor!
  3040 | D:4      | Noticed a necrophage
  3055 | D:4      | Killed a necrophage
  3056 | D:4      | Reached skill level 1 in Shields
  3056 | D:4      | Reached XP level 6. HP: 25/48 MP: 6/6
  3638 | D:4      | Noticed a necrophage
  3656 | D:4      | Killed a necrophage
  3657 | D:4      | Reached skill level 6 in Dodging
  3657 | D:4      | Reached XP level 7. HP: 39/53 MP: 7/7
  3895 | D:4      | Found a staircase to the Ecumenical Temple.
  3911 | Temple   | Entered the Ecumenical Temple
  4646 | Temple   | Became a worshipper of the Shining One
  5071 | D:4      | Identified a scroll of acquirement
  5071 | D:4      | Acquired a manual of Dodging
  5176 | D:5      | Entered Level 5 of the Dungeon
  5602 | D:5      | Reached skill level 7 in Dodging
  5618 | D:5      | Reached XP level 8. HP: 37/61 MP: 8/8
  5788 | D:5      | Noticed Grinder
  5812 | D:5      | Killed Grinder
  5813 | D:5      | Reached skill level 5 in Fighting
  5907 | D:6      | Reached skill level 8 in Dodging
  6748 | D:6      | Reached skill level 9 in Dodging
  6873 | D:6      | Acquired 715 gold pieces
  6947 | D:7      | Found a stormy altar of Qazlal.
  6975 | D:7      | Reached * piety under the Shining One
  6980 | D:7      | Reached XP level 9. HP: 69/69 MP: 9/9
  7641 | D:7      | Reached skill level 10 in Dodging
  8205 | D:8      | Found the +2 Maxwell's thermic engine {flame, freeze}
  8254 | D:8      | Reached skill level 11 in Dodging
  8331 | D:8      | Found a flagged portal.
  8340 | Bailey   | Entered a bailey
  8441 | Bailey   | Noticed an orc knight
  8453 | Bailey   | Lost mutation: You passively map a small area around you.
                  | [potion of mutation]
  8453 | Bailey   | Lost mutation: You are somewhat resistant to further
                  | mutation. [potion of mutation]
  8453 | Bailey   | Gained mutation: You expend magic power (3 MP) to
                  | strengthen your wands. [potion of mutation]
  8453 | Bailey   | Gained mutation: You are agile. (Dex +2) [potion of
                  | mutation]
  8495 | Bailey   | Reached skill level 10 in Polearms
  8624 | Bailey   | Killed an orc knight
  8625 | Bailey   | Reached XP level 10. HP: 47/79 MP: 10/10
  8833 | Bailey   | Lost mutation: Your system is resistant to poisons. (rPois)
                  | [potion of mutation]
  8833 | Bailey   | Lost mutation: You sometimes lose the ability to read
                  | scrolls when taking damage. [potion of mutation]
  8833 | Bailey   | Gained mutation: You sometimes lose the ability to read
                  | scrolls when taking damage. [potion of mutation]
  8833 | Bailey   | Lost mutation: You sometimes lose the ability to read
                  | scrolls when taking damage. [potion of mutation]
  8833 | Bailey   | Gained mutation: You passively map a small area around you.
                  | [potion of mutation]
  8833 | Bailey   | Gained mutation: Your mind is acute. (Int +2) [potion of
                  | mutation]
  8835 | Bailey   | Reached skill level 14 in Dodging
  8835 | Bailey   | Reached XP level 11. HP: 89/89 MP: 10/14
  8910 | D:8      | Reached skill level 5 in Invocations
  9602 | D:9      | Found a staircase to the Lair.
  9618 | D:9      | The Shining One protects you from harm!
 10303 | D:9      | Found a staircase to the Orcish Mines.
 10320 | D:10     | Entered Level 10 of the Dungeon
 10336 | D:10     | Noticed a two-headed ogre
 10351 | D:10     | Killed a two-headed ogre
 10458 | D:10     | Reached ** piety under the Shining One
 10559 | D:10     | Reached skill level 15 in Dodging
 10592 | D:10     | Found a large runed translucent door.
 10594 | D:10     | Found a large runed translucent door.
 10830 | D:10     | Found a runed translucent door.
 10860 | D:10     | Found a glowing silver altar of Zin.
 10871 | D:10     | Found a bloodstained altar of Trog.
 10880 | D:10     | Found a shimmering blue altar of Sif Muna.
 10887 | D:10     | Found a shimmering altar of Xom.
 10904 | D:10     | Reached skill level 10 in Fighting
 10937 | D:10     | Found a basalt altar of Yredelemnul.
 10976 | D:10     | Found an ancient bone altar of Kikubaaqudgha.
 11418 | D:10     | Noticed BubbleThief's ghost (journeyman NaVM)
 11541 | D:10     | Noticed a flayed ghost
 11565 | D:10     | Killed a flayed ghost
 11571 | D:10     | Identified the +2 hunting sling "Imoficocs" {vorpal,
                  | Fragile rPois Will+ Str+2}
 11687 | D:10     | Killed BubbleThief's ghost
 11688 | D:10     | Reached XP level 12. HP: 33/98 MP: 17/17
 12003 | D:11     | Found Xoytoc's Distillery.
 12012 | D:11     | Bought a potion of curing for 36 gold pieces
 12012 | D:11     | Bought a potion of curing for 36 gold pieces
 12012 | D:11     | Bought a potion of heal wounds for 60 gold pieces
 12012 | D:11     | Bought 2 potions of curing for 72 gold pieces
 12012 | D:11     | Bought a potion of curing for 36 gold pieces
 12012 | D:11     | Bought a potion of invisibility for 96 gold pieces
 12012 | D:11     | Bought a potion of lignification for 36 gold pieces
 12012 | D:11     | Bought a potion of resistance for 120 gold pieces
 12043 | D:11     | Found Ashureve's General Store.
 12046 | D:11     | Noticed an eight-headed hydra
 12049 | D:11     | Noticed a two-headed ogre
 12058 | D:11     | Killed an eight-headed hydra
 12059 | D:11     | Reached skill level 16 in Dodging
 12065 | D:11     | Killed a two-headed ogre
 12070 | D:11     | Bought a scroll of blinking for 90 gold pieces
 12070 | D:11     | Bought a scroll of teleportation for 36 gold pieces
 12070 | D:11     | Bought a potion of heal wounds for 60 gold pieces
 12216 | D:11     | Noticed a two-headed ogre
 12217 | D:11     | Noticed a two-headed ogre
 12232 | D:11     | Killed a two-headed ogre
 12240 | D:11     | Killed a two-headed ogre
 12398 | D:11     | Reached *** piety under the Shining One
 12514 | D:11     | Found Hyegabb's General Store.
 12523 | D:11     | Bought a potion of curing for 54 gold pieces
 12614 | D:11     | Noticed a two-headed ogre
 12625 | D:11     | Killed a two-headed ogre
 13476 | D:12     | Noticed a boulder beetle
 13477 | D:12     | Noticed Frances
 13499 | D:12     | Killed a boulder beetle
 13500 | D:12     | Reached skill level 17 in Dodging
 13771 | D:11     | Noticed a soul eater
 13771 | D:11     | Noticed a soul eater
 13783 | D:11     | Killed Frances
 14129 | D:12     | Found a runed translucent door.
 14224 | D:12     | Reached XP level 13. HP: 106/106 MP: 19/19
 14724 | D:13     | Found a transporter.
 14751 | D:13     | Reached skill level 15 in Polearms
 15054 | D:13     | Found a transporter.
 15062 | D:13     | Reached **** piety under the Shining One
 15117 | D:13     | Reached skill level 18 in Dodging
 15273 | D:13     | Found a broken altar of Ashenzari.
 15410 | D:13     | Noticed a yaktaur captain
 15411 | D:13     | Found a gate to the Vaults.
 15439 | D:13     | Killed a yaktaur captain
 15464 | D:13     | Noticed Kirke
 15488 | D:13     | Killed Kirke
 15489 | D:13     | Reached skill level 10 in Invocations
 16000 | D:13     | Noticed Urug
 16012 | D:13     | Killed Urug
 16443 | D:14     | Reached XP level 14. HP: 103/116 MP: 21/21
 16708 | D:13     | Paralysed by an orc sorcerer for 2 turns
 17027 | D:14     | Found Dunaemomn's Blood Bar.
 17169 | D:14     | Reached ***** piety under the Shining One
 17525 | D:14     | Identified the +12 arbalest of the End of Times {speed,
                  | *Corrode rPois rF+ rC+}
 17728 | D:15     | Entered Level 15 of the Dungeon
 17982 | D:15     | Reached skill level 19 in Dodging
 18291 | D:15     | Found a staircase to the Depths.
 18406 | D:15     | Found a glowing golden altar of the Shining One.
 18734 | Lair:1   | Entered Level 1 of the Lair of Beasts
 20197 | Lair:2   | Reached XP level 15. HP: 125/125 MP: 23/23
 20287 | Lair:2   | Found an iron altar of Okawaru.
 20424 | Lair:2   | You fall into a shaft and drop 1 floor!
 20425 | Lair:3   | Found a hole to the Spider Nest.
 21117 | Lair:3   | Noticed Sonja
 21120 | Lair:3   | Killed Sonja
 22070 | Lair:4   | Found a staircase to the Swamp.
 22493 | Lair:5   | Reached ****** piety under the Shining One
 23084 | Lair:5   | Found a viscous altar of Jiyva.
 23085 | Lair:5   | Found a staircase to the Slime Pits.
 23223 | Lair:6   | Entered Level 6 of the Lair of Beasts
 23231 | Lair:6   | Reached skill level 20 in Dodging
 23869 | Lair:5   | Reached XP level 16. HP: 95/134 MP: 25/25
 24374 | Lair:6   | Found a large runed translucent door.
 24396 | Lair:6   | Found a large runed translucent door.
 25018 | Orc:1    | Entered Level 1 of the Orcish Mines
 25331 | Orc:2    | Entered Level 2 of the Orcish Mines
 25353 | Orc:2    | Found a staircase to the Elven Halls.
 25396 | Orc:2    | Reached skill level 15 in Fighting
 25660 | Orc:2    | Found Faguom's Jewellery Emporium.
 25909 | Orc:1    | Found a shimmering altar of Xom.
 26796 | Orc:2    | Found Tatiott's Antique Weapon Emporium.
 26796 | Orc:2    | Found Poludgh's Jewellery Emporium.
 26797 | Orc:2    | Found Ethub's Antique Weapon Emporium.
 26797 | Orc:2    | Found Gaatt's Magic Scroll Shoppe.
 26808 | Orc:2    | Bought a scroll of teleportation for 54 gold pieces
 26808 | Orc:2    | Bought a scroll of enchant armour for 135 gold pieces
 26808 | Orc:2    | Bought a scroll of silence for 135 gold pieces
 26808 | Orc:2    | Bought a scroll of enchant weapon for 135 gold pieces
 26808 | Orc:2    | Bought a scroll of silence for 135 gold pieces
 26808 | Orc:2    | Bought a scroll of magic mapping for 63 gold pieces
 27059 | Spider:1 | Entered Level 1 of the Spider Nest
 27270 | Spider:1 | Noticed Jorgrun
 27304 | Spider:1 | The Shining One protects you from harm!
 27305 | Spider:1 | Slain by Jorgrun

Illustrated notes

Levels and vault maps discovered:
D:1:      dpeg_arrival_castle, layout_loops_ring,
          hellmonk_ecumenical_altar_zigzags
D:2:      layout_loops_ring, serial_shops, shop_statue, serial_bayou,
          serial_bayou_shore_a, serial_bayou_lake_a, serial_bayou_pond_e,
          serial_bayou_ford_a, basic_altar
D:3:      layout_basic
D:4:      layout_loops_cross, minmay_temple_entry_nine_rooms
D:5:      layout_basic, uniq_grinder
D:6:      layout_basic
D:7:      layout_basic, nicolae_qazlal_scattered_showers, st_stairs_12,
          minivault_11
D:8:      layout_rooms, enter_bailey_4, minmay_crystal_water, minmay_checkerbox
D:9:      layout_roguey, erik_lair_island, orc_0_dummy
D:10:     due_megacathedral, layout_irregular_city, ebering_ghost_disaster_area
D:11:     layout_loops_cross, serial_shops, nicolae_square_shop,
          nicolae_shop_trees, nicolae_square_shop
D:12:     cheibrodos_shockbox, layout_loops_ring, uniq_frances
D:13:     gammafunk_wand_slinger, layout_long_grid, david_vaults_2,
          ashenzari_conservatory_becter, uniq_urug, uniq_kirke
D:14:     lemuel_flame_loot_2, layout_basic, minmay_misc_feat_more_columns,
          guppyfry_shop_blood
D:15:     hangedman_depths_entry_civil_slaughter, layout_rooms,
          hex_intersection, nicolae_tso_carved_into_rock
Temple:   nicolae_temple_the_god_donut
Lair:1:   layout_hall_layers, infiniplex_staircase_pool, grunt_megastairs_5,
          minmay_lair_oklob_chamber, serial_bayou_shore_b
Lair:2:   layout_roguey, lemuel_oklob_altar, serial_bayou_shore_b,
          lemuel_fruit_fields
Lair:3:   layout_regular_city, nicolae_spider_entry_orb_guardian,
          roderic_carrion_pond, lemuel_fruit_tree, grunt_megastairs_2,
          uniq_sonja
Lair:4:   layout_regular_city, skrybe_swamp_entry_bodies, st_stairs_9,
          minmay_holes, infiniplex_staircase_pool_2
Lair:5:   layout_cave_shapes, slime_altar_1
Lair:6:   cheibrodos_lair_end_hotspot, layout_regular_city
Spider:1: layout_spider_delve, guppyfry_spider_mini_2, uniq_jorgrun
Orc:1:    layout_diamond_mine, basic_altar, kennysheep_orc_chapel
Orc:2:    st_orc_pillars, layout_caves, basic_altar, serial_shops, shop,
          nicolae_orc_bridge_out

Skill      XL: |  1  2  3  4  5  6  7  8  9 10 11 12 13 14 15 16 |
---------------+-------------------------------------------------+-----
Polearms       | 5 6 7 8 10 12 13 14 16 17 18 19 | 19.3
Armour         | 1 2 3 4 6 |  6.1
Fighting       | 3 4 5 7 9 10 11 12 13 14 15 | 15.3
Dodging        | 5 6 7 9 11 14 15 17 18 19 20 | 20.7
Shields        | 1 2 4 |  4.0
Invocations    | 4 7 9 10 11 13 | 13.8
Throwing       | |  2.0

Action                   |  1- 3 |  4- 6 |  7- 9 | 10-12 | 13-15 | 16-18 || total
-------------------------+-------+-------+-------+-------+-------+-------++-------
Melee: Trident           |   113 |   176 |   423 |   647 |  2095 |   726 ||  4180
       Unarmed           |       |       |       |       |     4 |       ||     4
       Tailslap          |       |       |       |       |       |     1 ||     1
Throw: Throwing net      |       |     1 |     3 |     1 |       |       ||     5
       Boomerang         |       |       |       |     1 |     3 |       ||     4
Invok: Divine Shield     |       |       |       |     2 |     2 |     3 ||     7
       Summon Divine War |       |       |       |       |       |     3 ||     3
Evoke: Wand              |       |       |       |       |     1 |       ||     1
  Use: Scroll            |     3 |     1 |    10 |     6 |     6 |     1 ||    27
       Potion            |       |     2 |     8 |     7 |     4 |     6 ||    27
 Stab: Sleeping          |       |       |     1 |       |       |       ||     1
Armor: Leather armour    |    31 |    34 |    49 |     3 |       |       ||   117
       Steam dragon scal |       |       |       |    37 |       |       ||    37
       Troll leather arm |       |       |       |     3 |   182 |    40 ||   225
Dodge: Dodged            |    59 |   121 |   240 |   333 |  1357 |   484 ||  2594
Block: Buckler           |       |       |    33 |   139 |   874 |   426 ||  1472
       Reflection        |       |       |       |     3 |    21 |     8 ||    32
       Other             |       |       |       |       |     1 |       ||     1

Table legend: (Time is in decaauts)
 A = Elapsed time spent in this place.
 B = Non-inter-level travel time spent in this place.
 C = Inter-level travel time spent in this place.
 D = Time resting spent in this place.
 E = Time spent auto-exploring this place.
 F = Levels seen in this place.
 G = Mean time per level.
                   A        B        C        D        E       F      G
               +--------+--------+--------+--------+--------+-----+--------+
         Total |  25618 |  24622 |    996 |   1369 |  17910 |  26 |  985.3 |
       Dungeon |  16925 |  16296 |    629 |   1155 |  11996 |  15 | 1128.3 |
        Temple |    520 |    520 |      0 |      0 |    491 |   1 |  520.0 |
          Lair |   6041 |   5725 |    316 |    214 |   4026 |   6 | 1006.8 |
   Spider Nest |    105 |    105 |      0 |      0 |     43 |   1 |  105.0 |
  Orcish Mines |   1533 |   1483 |     50 |      0 |   1038 |   2 |  766.5 |
        Bailey |    493 |    493 |      0 |      0 |    315 |   1 |  493.0 |
               +--------+--------+--------+--------+--------+-----+--------+

Top non-repeatable levels by time:
    D:11: 1755 daAuts
    D:10: 1613 daAuts
     D:4: 1493 daAuts
    D:13: 1421 daAuts
  Lair:6: 1359 daAuts
    D:14: 1338 daAuts
     D:7: 1281 daAuts
     D:9: 1125 daAuts
   Orc:2: 1084 daAuts
     D:6: 1055 daAuts
  Lair:3: 1044 daAuts
  Lair:1: 1040 daAuts
     D:3: 1032 daAuts
    D:12: 973 daAuts
  Lair:2: 961 daAuts
